 Dungeon Crawl Stone Soup version 0.22-a0-305-gd21a89c (webtiles) character file.

221 grindst0ne the Skirmisher (level 5, -6/44 HPs)
             Began as a Barachi Fighter on Mar 28, 2018.
             Killed by divine providence
             ... invoked by an orc priest
              (12 damage)
             ... on level 4 of the Dungeon on Mar 29, 2018.
             The game lasted 00:04:22 (1993 turns).

grindst0ne the Skirmisher (Barachi Fighter)         Turns: 1993, Time: 00:04:23

Health: -6/44      AC: 13    Str: 18    XL:     5   Next: 98%
Magic:  5/5        EV:  3    Int:  9    God:
Gold:   172        SH:  9    Dex: 11    Spells: 4/4 levels left

rFire    . . .     SeeInvis .   a - +1 war axe
rCold    . . .     Gourm    .   c - +0 shield
rNeg     . . .     Faith    .   m - +0 plate armour
rPois    .         Spirit   .   (no helmet)
rElec    .         Reflect  .   l - +0 cloak
rCorr    .         Harm     .   (no gloves)
MR       .....                  (no boots)
Stlth    ..........             (no amulet)
HPRegen  0.14/turn              o - ring of stealth
MPRegen  0.09/turn              (no ring)

@: slow
A: +LOS, swims, slowness 1, strong legs 1
a: Hop


You were on level 4 of the Dungeon.
You were not hungry.

You visited 1 branch of the dungeon, and saw 4 of its levels.

You collected 172 gold pieces.

Inventory:

Hand Weapons
 a - a +1 war axe (weapon)
Armour
 b - a +0 scale mail
 c - a +0 shield (worn)
 l - a +0 cloak (worn)
 m - a +0 plate armour (worn)
Jewellery
 o - a ring of stealth (left hand)
Scrolls
 e - 2 scrolls of remove curse
 g - 2 scrolls of magic mapping {unknown}
 i - 2 scrolls of teleportation
 k - 3 scrolls of enchant weapon
Potions
 h - 2 potions of heal wounds
 j - a potion of curing
 n - a potion of flight {unknown}
 p - a potion of haste
 q - a potion of cancellation {unknown}
 s - a potion of lignification
Comestibles
 d - a chunk of flesh
 f - 5 rations


   Skills:
 + Level 5.0 Fighting
 + Level 3.7 Axes
 + Level 5.0 Armour
 + Level 4.5 Shields


You had 4 spell levels left.
You didn't know any spells.

Dungeon Overview and Level Annotations

Branches:
Dungeon (4/15)
 Temple: D:4-7

Altars:
Ru
Sif Muna
Uskayaw


Innate Abilities, Weirdness & Mutations

Shadows flee at your approach. (+LOS)
You can swim through water.
You cover ground slowly.
You can hop short distances.


Message History

The phantom hits you but does no damage.
You hit the phantom.
The phantom is lightly damaged.
The orc priest looks encouraged for a moment.
The phantom hits you but does no damage.
Your plate armour prevents you from hitting the phantom.
The phantom is lightly damaged.
The phantom hits you but does no damage.
The orc priest begins to cast a cantrip, but forgets the words!
The phantom hits you.
You hit the phantom.
The phantom is lightly damaged.
The phantom blinks!
A worm comes into view.
The orc priest calls down the wrath of Beogh upon you.
Pain shoots through your body!
* * * LOW HITPOINT WARNING * * *
The orc priest calls down the wrath of Beogh upon you.
Beogh smites you!
You die...

###### ##.@o.##
#..#o..#
##.####[.# #..#
#.w# ########
#..# #.W.
.......## #..#
#....
........#####..#
.....
..........##..##
...>
#..........# ...


You could see a phantom, a worm and 2 orc priests.

Vanquished Creatures
  A howler monkey (D:4)
  2 worker ants (D:4)
  A killer bee zombie (D:3)
  6 adders
  An ooze (D:2)
  3 dart slugs (D:1)
  2 leopard geckos (D:2)
  6 orcs
  6 goblins
  3 hobgoblins
  2 kobolds
  A quokka (D:3)
  6 bats
  2 frilled lizards
  5 rats
47 creatures vanquished.

Notes
Turn   | Place    | Note
-------+----------+-------------------------------------------
     0 | D:1      | grindst0ne the Barachi Fighter began the quest for the Orb.
     0 | D:1      | Reached XP level 1. HP: 18/18 MP: 1/1
   240 | D:1      | You fall through a shaft!
   245 | D:2      | Reached XP level 2. HP: 23/25 MP: 2/2
   263 | D:1      | Reached XP level 3. HP: 25/30 MP: 3/3
   843 | D:2      | Found a hide-covered altar of Uskayaw.
   843 | D:2      | Noticed a dagger
   843 | D:2      | Noticed a dagger
  1037 | D:2      | Reached XP level 4. HP: 37/37 MP: 4/4
  1522 | D:3      | Reached XP level 5. HP: 27/43 MP: 5/5
  1940 | D:4      | Found a sacrificial altar of Ru.
  1940 | D:4      | Found a deep blue altar of Sif Muna.
  1968 | D:4      | Noticed a phantom
  1983 | D:4      | Reached skill level 5 in Fighting
  1983 | D:4      | Reached skill level 5 in Armour
  1993 | D:4      | Killed from afar by an orc priest

Vault maps used:
D:1:      minmay_arrival_open_corners, hex_medium
D:2:      dancing_weapons_uskayaw, first_ration
D:4:      gammafunk_temple_overflow_wave, serial_shops, shop, nrook_mini_vaults,
          minmay_close_crescents

Skill      XL: |  1  2  3  4  5 |
---------------+----------------+-----
Fighting       | 4 5 |  5.0
Armour         | 4 5 |  5.0
Axes           | 3 |  3.7
Shields        | 4 |  4.5

Action                   |  1- 3 |  4- 6 || total
-------------------------+-------+-------++-------
Melee: War axe           |    77 |   104 ||   181
 Abil: Hop               |     1 |       ||     1
  Use: Potion            |     2 |       ||     2
       Scroll            |       |     7 ||     7
  Eat: Chunk             |     1 |     4 ||     5
Armor: Scale mail        |    54 |    15 ||    69
       Plate armour      |       |    62 ||    62
Dodge: Dodged            |    21 |    23 ||    44
Block: Shield            |    59 |    67 ||   126

Table legend:
 A = Spawn XP
 B = Non-spawn XP
 C = Spawn XP percentage of total XP
 D = Spawn monster count
 E = Non-spawn monster count
 F = Spawn count percentage of total count
 G = Total turns spent on level
                    A         B        C        D         E        F      G
               +---------+---------+-------+---------+---------+-------+---------
         Total |       0 |     316 |   0.0 |       0 |      47 |   0.0 |  1993
               +---------+---------+-------+---------+---------+-------+---------
           D:1 |       0 |      54 |   0.0 |       0 |      14 |   0.0 |   835
           D:2 |       0 |      70 |   0.0 |       0 |      18 |   0.0 |   496
           D:3 |       0 |      63 |   0.0 |       0 |      10 |   0.0 |   487
           D:4 |       0 |     129 |   0.0 |       0 |       5 |   0.0 |   175
               +---------+---------+-------+---------+---------+-------+---------
